 Dungeon Crawl Stone Soup version 0.26.1-11-gd32895ea62 (webtiles) character file.

Game seed: 1001490962010740436

15335 Almogavar the Destroyer (level 12, -12/81 HPs)
             Began as a Human Conjurer on May 27, 2021.
             Was a High Priest of Sif Muna.
             Mangled by an orc warrior
             ... wielding a +0 flail
              (15 damage)
             ... on level 2 of the Orcish Mines on May 28, 2021.
             The game lasted 01:21:10 (18393 turns).

Almogavar the Destroyer (Human Conjurer)           Turns: 18393, Time: 01:21:10

Health: -12/81     AC:  9    Str:  8    XL:     12   Next: 56%
Magic:  0/26       EV: 19    Int: 22    God:    Sif Muna [*****.]
Gold:   1104       SH:  0    Dex: 13    Spells: 24/32 levels left

rFire    + . .     SeeInvis .   l - +4 short sword
rCold    + . .     Faith    .   (no shield)
rNeg     + . .     Spirit   .   z - +2 robe {rN+}
rPois    .         Reflect  .   u - +1 helmet "Tofurph" {rF+}
rElec    .         Harm     .   g - +0 cloak
rCorr    .         Rampage  .   t - +0 pair of gloves
Will     .....                  A - +0 pair of boots
Stlth    +++.......             (no amulet)
HPRegen  0.23/turn              x - +4 ring of evasion
MPRegen  0.20/turn              p - ring of protection from cold

@: no status effects
A: no striking features
a: Renounce Religion, Channel Magic, Forget Spell, Divine Exegesis


You were on level 2 of the Orcish Mines.
You worshipped Sif Muna.
Sif Muna was extremely pleased with you.
You visited 2 branches of the dungeon, and saw 13 of its levels.

You collected 1104 gold pieces.

Inventory:

Hand Weapons
 d - a +0 hunting sling
 l - a +4 short sword (weapon)
Missiles
 f - 441 stones
Armour
 g - a +0 cloak (worn)
 i - a +3 ring mail
 t - a +0 pair of gloves (worn)
 u - the +1 helmet "Tofurph" (worn) {rF+}
   (You found it on level 5 of the Dungeon)

   It protects you from fire.
 z - a +2 robe of positive energy (worn)
 A - a +0 pair of boots (worn)
 H - a +0 buckler
 J - a +2 robe of willpower
Jewellery
 p - a ring of protection from cold (right hand)
 x - a +4 ring of evasion (left hand)
 E - an uncursed ring of ice
Wands
 v - a wand of digging (3)
 F - a wand of flame (15)
 I - a wand of random effects (13)
Scrolls
 h - 5 scrolls of remove curse
 j - a scroll of magic mapping
 m - 3 scrolls of amnesia
 q - 5 scrolls of teleportation
 s - 2 scrolls of fog {unknown}
 y - a scroll of enchant weapon {unknown}
 D - 2 scrolls of blinking {unknown}
 G - a scroll of enchant armour {unknown}
Potions
 a - a potion of flight
 b - 2 potions of brilliance
 c - a potion of might
 e - 3 potions of heal wounds
 k - 13 potions of curing
 n - a potion of lignification
 o - a potion of magic
 r - 3 potions of ambrosia {unknown}
 w - a potion of cancellation {unknown}
 B - a potion of berserk rage
 C - a potion of attraction {unknown}


   Skills:
 + Level 3.0 Fighting
 + Level 5.8 Short Blades
 + Level 5.8 Dodging
 + Level 5.3 Stealth
 + Level 10.7 Spellcasting
 + Level 11.9 Conjurations
 + Level 5.2 Translocations


You had 24 spell levels left.
You knew the following spells:

 Your Spells              Type           Power        Failure   Level
a - Magic Dart            Conj           100%         1%          1
b - Searing Ray           Conj           100%         1%          2
c - Iskenderun's Mystic   Conj/Tloc      49%          1%          4
d - Apportation           Tloc           68%          1%          1

Your spell library contained the following spells:

 Spells                   Type           Power        Failure   Level
 Shock                    Conj/Air       100%         1%          1
 Dazzling Flash           Conj/Hex       74%          1%          3
 Fulminant Prism          Conj/Hex       18%          4%          4
 Animate Skeleton         Necr           22%          5%          1
 Corona                   Hex            12%          5%          1
 Summon Small Mammal      Summ           44%          5%          1
 Corpse Rot               Necr/Air       N/A          9%          2
 Ensorcelled Hibernation  Hex/Ice        22%          9%          2
 Fireball                 Conj/Fire      18%          14%         5
 Lightning Bolt           Conj/Air       18%          14%         5
 Confusing Touch          Hex            11%          17%         3
 Tukima's Dance           Hex            11%          17%         3
 Conjure Ball Lightning   Conj/Air       18%          58%         6
 Freezing Cloud           Conj/Ice/Air   14%          86%         6


Dungeon Overview and Level Annotations

Branches:
Dungeon (11/15)            Temple (0/1) D:6            Lair (0/6) D:10
    Orc (2/2) D:11            Elf (0/3) Orc:2

Altars:
Ashenzari
Fedhas
Okawaru
Ru
Sif Muna
Xom

Shops:
Orc:1 !   Orc:2 !

Annotations:
D:5 3 runed translucent doors, Descartes's ghost, weakling FeDe; PanSaczeczos's ghost, weakling KoDe; boysha's ghost, weakling OpDe; knorpule3000's ghost, novice HuWn


Message History

The orc warrior hits you but does no damage.
Casting: Searing Ray (safe; 1% risk of failure)
Confirm with . or Enter, or press ? or * to list all spells.
Aiming: Searing Ray (safe; 1% risk of failure)
Press: ? - help, Shift-Dir - straight line, f - orc warrior
Aim: an orc warrior, wielding a +0 flail, wearing a +0 chain mail and quivering 4 boomerangs (severely wounded, 19% to evade)
The searing ray misses the orc warrior. (Press . to maintain the ray.) Unknown command.
The searing ray hits the orc warrior.
The orc warrior is almost dead.
The orc warrior barely misses you.
You hit the orc warrior but do no damage.
The orc warrior is almost dead.
The orc warrior hits you with a +0 flail!
* * * LOW HITPOINT WARNING * * *
You hit the orc warrior but do no damage.
The orc warrior is almost dead.
The orc warrior hits you with a +0 flail!
You die...

..............[#
........).)....#
...............#
...............#
...............#
...............#
...............#
..............)#############
........^......[@..........#
.............).).o........#
......................#..##
...........[..............##
...........................#
........................#.##
..........[...........#####
.....................##
.......)...........#.##


You could see an orc warrior.

Vanquished Creatures
  A hydra (D:11)
  3 two-headed ogres
  A tengu warrior (D:9)
  2 orc high priests (Orc:2)
  An orc sorcerer (Orc:2)
  A manticore (D:11)
  A cyclops (Orc:2)
  A troll (D:11)
  A merfolk (D:9)
  Sigmund (D:4)
  5 yaks (D:11)
  A wyvern (D:11)
  Eustachio (D:4)
  A warg (Orc:2)
  An acid dragon (D:11)
  17 orc warriors
  2 black bears (D:8)
  2 ice beasts
  4 sky beasts
  9 ogres
  4 phantoms
  7 centaurs
  7 bullfrogs
  A gnoll sergeant (Orc:2)
  2 scorpions
  2 wyvern skeletons
  5 killer bees (D:8)
  8 wights
  3 howler monkeys (D:10)
  A bullfrog zombie (D:6)
  A quasit (D:9)
  3 centaur zombies
  14 orc priests
  8 hounds
  5 jellies
  A bullfrog skeleton (D:10)
  30 orc wizards
  3 centaur skeletons
  An iguana (D:5)
  6 worker ants
  2 hound zombies
  A howler monkey zombie (D:4)
  2 worker ant zombies
  8 gnolls
  13 adders
  A shadow imp (D:8)
  2 white imps
  3 ufetubi
  2 oozes
  3 adder zombies
  3 worms
  A dart slug (D:2)
  4 leopard geckos
  101 orcs
  8 giant cockroaches
  10 goblins
  7 hobgoblins
  19 jackals
  7 kobolds
  3 quokkas
  4 ball pythons
  11 bats
  2 frilled lizards
  A giant cockroach zombie (D:6)
  A quokka zombie (D:8)
  10 rats
397 creatures vanquished.

Notes
Turn   | Place    | Note
-------+----------+-------------------------------------------
     0 | D:1      | Almogavar the Human Conjurer began the quest for the Orb.
     0 | D:1      | Reached XP level 1. HP: 13/13 MP: 3/3
   287 | D:1      | Reached XP level 2. HP: 19/19 MP: 1/5
   290 | D:1      | Learned a level 2 spell: Searing Ray
   762 | D:1      | Reached XP level 3. HP: 23/24 MP: 2/6
  1353 | D:2      | Reached XP level 4. HP: 30/30 MP: 2/7
  1938 | D:2      | Found a sacrificial altar of Ru.
  2133 | D:2      | Reached skill level 5 in Conjurations
  2417 | D:2      | Reached XP level 5. HP: 35/35 MP: 6/9
  3182 | D:3      | Reached XP level 6. HP: 42/42 MP: 2/10
  4111 | D:4      | Noticed a phantom
  4121 | D:4      | Killed a phantom
  4122 | D:4      | Reached skill level 1 in Short Blades
  4210 | D:4      | Reached XP level 7. HP: 30/47 MP: 1/12
  4491 | D:4      | Reached skill level 6 in Conjurations
  4541 | D:4      | Noticed Eustachio
  4720 | D:4      | Killed Eustachio
  5026 | D:4      | Reached skill level 1 in Fighting
  5298 | D:4      | Noticed Sigmund
  5557 | D:4      | Killed Sigmund
  5558 | D:4      | Reached skill level 5 in Spellcasting
  5558 | D:4      | Reached XP level 8. HP: 43/54 MP: 4/15
  5640 | D:4      | Learned a level 4 spell: Iskenderun's Mystic Blast
  5687 | D:5      | Entered Level 5 of the Dungeon
  5978 | D:5      | Reached skill level 7 in Conjurations
  6089 | D:5      | Got a warped helmet
  6095 | D:5      | Identified the +1 helmet "Tofurph" {rF+} (You found it on
                  | level 5 of the Dungeon)
  6113 | D:5      | Reached skill level 1 in Translocations
  6812 | D:5      | Found a shimmering blue altar of Sif Muna.
  6882 | D:5      | Became a worshipper of Sif Muna the Loreminder
  6990 | D:5      | Reached XP level 9. HP: 59/59 MP: 12/17
  7207 | D:5      | Found a runed translucent gate.
  7207 | D:5      | Found a runed translucent gate.
  7207 | D:5      | Found a runed translucent gate.
  7208 | D:5      | Noticed knorpule3000's ghost (novice HuWn)
  7208 | D:5      | Noticed Descartes's ghost (weakling FeDe)
  7209 | D:5      | Noticed boysha's ghost (weakling OpDe)
  7209 | D:5      | Noticed PanSaczeczos's ghost (weakling KoDe)
  7796 | D:6      | Found a staircase to the Ecumenical Temple.
  7876 | D:6      | Reached skill level 8 in Conjurations
  8024 | D:6      | Reached * piety under Sif Muna
  8829 | D:7      | Reached XP level 10. HP: 67/67 MP: 14/20
  9058 | D:7      | Reached ** piety under Sif Muna
 10500 | D:8      | Reached skill level 9 in Conjurations
 10805 | D:8      | Found an iron altar of Okawaru.
 11041 | D:9      | Noticed a two-headed ogre
 11068 | D:9      | Killed a two-headed ogre
 11395 | D:9      | Reached skill level 5 in Stealth
 11608 | D:9      | Found a broken altar of Ashenzari.
 11941 | D:9      | Reached XP level 11. HP: 73/73 MP: 12/23
 12031 | D:9      | Noticed a tengu warrior
 12048 | D:9      | Killed a tengu warrior
 12244 | D:9      | Found a shimmering altar of Xom.
 12374 | D:10     | Entered Level 10 of the Dungeon
 12685 | D:10     | Reached *** piety under Sif Muna
 12686 | D:10     | Reached skill level 5 in Dodging
 12887 | D:10     | Noticed a two-headed ogre
 12905 | D:10     | Killed a two-headed ogre
 12906 | D:10     | Reached skill level 5 in Short Blades
 12906 | D:10     | Reached skill level 10 in Conjurations
 13489 | D:10     | Noticed a wizard
 13504 | D:10     | Noticed a boulder beetle
 13504 | D:10     | Noticed a two-headed ogre
 13514 | D:10     | Found the +6 lightning scales {run, rElec}
 13514 | D:10     | Noticed an orc knight
 13532 | D:10     | Found a staircase to the Lair.
 13560 | D:10     | Learned a level 1 spell: Apportation
 13687 | D:11     | Noticed a manticore
 13697 | D:11     | Killed a manticore
 14068 | D:11     | Found a blossoming altar of Fedhas.
 14371 | D:11     | Noticed a six-headed hydra
 14385 | D:11     | Killed a six-headed hydra
 14851 | D:11     | Reached **** piety under Sif Muna
 15027 | D:11     | Found a staircase to the Orcish Mines.
 15646 | Orc:1    | Entered Level 1 of the Orcish Mines
 15646 | Orc:1    | Found Remmoha's Distillery.
 15664 | Orc:1    | Reached XP level 12. HP: 60/80 MP: 16/25
 15762 | Orc:1    | Reached skill level 11 in Conjurations
 15903 | Orc:1    | Reached skill level 10 in Spellcasting
 15903 | Orc:1    | Reached skill level 5 in Translocations
 16487 | Orc:1    | You fall into a shaft and drop 1 floor!
 16487 | Orc:2    | Entered Level 2 of the Orcish Mines
 17100 | Orc:2    | Reached ***** piety under Sif Muna
 17198 | Orc:2    | Identified Fagah's Volume of Aerial Flames (Sif Muna gifted
                  | it to you on level 2 of the Orcish Mines)
 17198 | Orc:2    | Received a gift from Sif Muna
 17240 | Orc:2    | Found a staircase to the Elven Halls.
 17638 | Orc:2    | Noticed a two-headed ogre
 17649 | Orc:2    | Killed a two-headed ogre
 17884 | Orc:2    | Found Qismir's Distillery.
 18176 | Orc:2    | Noticed an orc high priest
 18188 | Orc:2    | Killed an orc high priest
 18351 | Orc:2    | Noticed an orc high priest
 18354 | Orc:2    | Noticed a sun demon
 18362 | Orc:2    | Killed an orc high priest
 18392 | Orc:2    | HP: 3/81 [orc warrior/+0 flail (17)]
 18393 | Orc:2    | Mangled by an orc warrior

Illustrated notes

Levels and vault maps discovered:
D:1:      dpeg_arrival_rhombus, layout_loops_ring, minivault_25
D:2:      layout_basic, nicolae_overflow_hidden_temple, grunt_decor_fettered
D:3:      layout_loops_ring
D:4:      layout_cave_pools, uniq_eustachio, uniq_sigmund
D:5:      layout_basic, nicolae_overflow_crystal_walls,
          gammafunk_ghost_cemetery, amethyst_killhole
D:6:      minmay_angry_zag, layout_rooms, minmay_temple_entry_grid,
          minmay_strange_pillars, minmay_misc_feat_plants
D:7:      layout_cave_pools
D:8:      layout_gridville, lemuel_round_altar
D:9:      layout_basic, kennysheep_mini, ashenzari_altar_1, hangedman_fish_farm
D:10:     layout_basic, lair_entry_dummy, minivault_12
D:11:     layout_long_grid, hiddenorc2_lemuel, fedhas_altar_fruit_tree
Orc:1:    layout_caves, serial_shops, shop
Orc:2:    st_orc_congregation, layout_diamond_mine, serial_shops, shop,
          nicolae_orc_crystal_geode

Skill      XL: |  1  2  3  4  5  6  7  8  9 10 11 12 |
---------------+-------------------------------------+-----
Conjurations   | 5 6 7 8 9 10 11 | 11.9
Spellcasting   | 3 5 6 8 9 10 | 10.7
Short Blades   | 1 2 3 4 5 |  5.8
Stealth        | 3 4 5 |  5.3
Fighting       | 1 2 3 |  3.0
Dodging        | 3 4 5 |  5.8
Translocations | 1 3 4 5 |  5.2

Action                   |  1- 3 |  4- 6 |  7- 9 | 10-12 || total
-------------------------+-------+-------+-------+-------++-------
Melee: Unarmed           |     7 |       |       |       ||     7
       Short sword       |       |    24 |    63 |    82 ||   169
 Fire: Hunting sling     |    16 |       |       |       ||    16
 Cast: Magic Dart        |    26 |    53 |    57 |   225 ||   361
       Searing Ray       |    13 |    31 |    75 |   157 ||   276
       Iskenderun's Myst |       |       |       |    19 ||    19
  Use: Scroll            |     1 |     3 |     5 |     4 ||    13
 Stab: Sleeping          |       |     1 |     1 |     3 ||     5
Armor: Robe              |    13 |     5 |    27 |    44 ||    89
Dodge: Dodged            |    11 |    23 |    98 |   154 ||   286
